AoeStats
← snowshawnskate

Arabia

510038479Analyzed
1v1 RM · 4d ago on Sep 29, 2026· 32m 43s· 2 players
Game mode
Random Map
Map size
Tiny (2 player)
Population
200
Speed
Normal
Resources
Standard
Victory
Conquest
Starting age
Dark Age
Ending age
Imperial Age
RankedLock teamsTeams togetherTeam positionsShared explorationLock speedFull tech treeHidden civsTurbo modeCheats
Victory
Defeat
🇺🇸 Varangians · United States
1953
+9
🇨🇳 Portuguese · China
1799
-9
snowshawnskate
8:37 Feudal Age
8:41 Man-at-Arms
9:46 Double-Bit Axe
12:07 Arson
15:12 Fletching
20:04 Loom
21:42 Wheelbarrow
20:50 Horse Collar
21:08 Gold Mining
24:19 Castle Age
22:50 Padded Archer Armor
25:20 Bodkin Arrow
24:46 Crossbowman
NW
6:38 Loom
8:52 Feudal Age
9:36 Double-Bit Axe
9:36 Horse Collar
12:40 Town Watch
16:26 Fletching
21:14 Wheelbarrow
20:41 Padded Archer Armor
26:01 Castle Age
25:30 Gold Mining
26:40 Bodkin Arrow
26:11 Crossbowman
30:26 Ballistics
Connection lost

Rejoining the realm…

Still unreachable

The connection could not be restored.

Session expired

The server has moved on; the page needs a fresh start.